 Dungeon Crawl Stone Soup version 0.28.0-45-g0d030f2227 (webtiles) character file.

Game seed: 6391041823914834421

81 101zpm the Shield-Bearer (level 4, -8/28 HPs)
             Began as a Gargoyle Fighter on Apr 8, 2022.
             Killed by divine providence
             ... invoked by an orc priest
              (15 damage)
             ... on level 3 of the Dungeon.
             The game lasted 00:02:37 (2007 turns).

101zpm the Shield-Bearer (Gargoyle Fighter)         Turns: 2007, Time: 00:02:37

Health: -8/28      AC: 11    Str: 21    XL:     4   Next: 40%
Magic:  4/4        EV:  9    Int:  9    God:
Gold:   12         SH:  4    Dex:  9    Spells: 3/3 levels left

rFire   . . .      SeeInvis .   i - +1 short sword (flame)
rCold   . . .      Faith    .   c - +0 buckler
rNeg    + . .      Spirit   .   b - +0 scale mail
rPois   ∞          Reflect  .   (no helmet)
rElec   +          Harm     .   k - +0 cloak
rCorr   .          Rampage  .   (no gloves)
Will    .....                   (no boots)
Stlth   ..........              (no amulet)
HPRegen 0.09/turn               (no ring)
MPRegen 0.09/turn               (no ring)

@: no status effects
A: sickness immunity, AC +3, negative energy resistance 1, electricity
resistance, torment resistance 1, petrification resistance
a: no special abilities


You were on level 3 of the Dungeon.
You visited 1 branch of the dungeon, and saw 3 of its levels.

You collected 12 gold pieces.

Inventory:

Hand Weapons
 a - a +0 flail
 i - a +1 short sword of flaming (weapon)
Armour
 b - a +0 scale mail (worn)
 c - a +0 buckler (worn)
 k - a +0 cloak (worn)
Scrolls
 e - 2 scrolls of magic mapping {unknown}
 f - a scroll of noise {unknown}
 h - 3 scrolls of identify {unknown}
 m - a scroll of torment {unknown}
 n - a scroll of fog {unknown}
Potions
 d - 2 potions of might
 g - a potion of cancellation {unknown}
 j - a potion of berserk rage {unknown}
 l - a potion of haste {unknown}


   Skills:
 + Level 3.6 Fighting
 + Level 1.0 Short Blades
 + Level 2.6 Maces & Flails
 + Level 3.8 Armour
 + Level 0.2 Dodging
 + Level 0.2 Stealth
 + Level 4.0 Shields


You had 3 spell levels left.
You didn't know any spells.
Your spell library was empty.

Dungeon Overview and Level Annotations

Branches:
Dungeon (3/15)

Altars:


Innate Abilities, Weirdness & Mutations

You are immune to sickness and miasma.
Your stone body is resilient. (AC +3)
You are immune to poison.
You resist negative energy. (rN+)
You are resistant to electric shocks. (rElec)
You are resistant to unholy torment.
You are immune to petrification.


Message History

The dart slug is heavily wounded.
You puncture the dart slug! You burn the dart slug.
You kill the dart slug!
No target in view!
No target in view!
No target in view!
No target in view!
No target in view!
No target in view!
No target in view!
No target in view!
No target in view!
No target in view!
n - a scroll labelled SYGIKA ESAEV
Found a runed hand axe.
You see here a +1 hand axe of freezing.
An orc priest comes into view. It is wielding a +0 morningstar.
An orc comes into view. It is wielding a +3 trident.
The orc shouts!
A giant cockroach comes into view.
You block the orc priest's attack.
An orc comes into view. It is wielding a +0 hand axe.
You barely miss the orc priest.
The orc hits you from afar with a +3 trident.
An orc priest comes into view. It is wielding a +0 short sword.
The orc priest closely misses you.
You barely miss the orc priest.
The orc priest calls down the wrath of Beogh upon you.
Pain shoots through your body!
The orc priest invokes the aid of Beogh against you.
Beogh smites you!
Ouch! That really hurt!
* * * LOW HITPOINT WARNING * * *
You hear a shout!
You hear an angry hiss.
The orc priest miscasts a cantrip.
The orc priest calls down the wrath of Beogh upon you.
Beogh smites you!
Ouch! That really hurt!
You die... ...# ##..# ooB

#.# #o# ##### #.#
#...# ##o#### ..<
#.....# ... #@###.#
#.# #.# #.# #†#
#.###.# ### #.#
#.....# ##.###.#
###.### ##.#.##.#
#.# #.###.#.# #.#
....##..# #.#
#.#.#.#.##########.#


You could see 2 orc priests, an orc and a giant cockroach.

Vanquished Creatures
  3 adders
  2 worms
  5 dart slugs
  3 ball pythons
  6 bats
  4 endoplasms (D:1)
  A giant cockroach (D:1)
  3 hobgoblins
  3 quokkas (D:2)
  A frilled lizard (D:2)
  3 goblins
  4 kobolds
  3 rats (D:2)
41 creatures vanquished.

Notes
Turn   | Place    | Note
-------+----------+-------------------------------------------
     0 | D:1      | 101zpm the Gargoyle Fighter began the quest for the Orb.
     0 | D:1      | Reached XP level 1. HP: 14/14 MP: 1/1
    93 | D:1      | Reached XP level 2. HP: 19/19 MP: 2/2
   210 | D:1      | You fall into a shaft and drop 1 floor!
   757 | D:1      | Reached XP level 3. HP: 23/23 MP: 3/3
  1492 | D:2      | Found a faded altar of an unknown god.
  1532 | D:2      | Reached skill level 4 in Shields
  1532 | D:2      | Reached XP level 4. HP: 28/28 MP: 4/4
  1741 | D:3      | Reached skill level 1 in Short Blades
  2007 | D:3      | Killed from afar by an orc priest

Illustrated notes

Levels and vault maps discovered:
D:1:      matt_arrival_debris, layout_basic, serial_glass, glass_columns_a,
          glass_columns_a, glass_columns_c, glass_columns_c, glass_columns_a,
          glass_columns_b
D:2:      layout_loops_cross, hellmonk_ecumenical_altar_inner_sanctum,
          small_statue_intersection
D:3:      layout_loops_ring, gammafunk_ghost_stat_death

Skill      XL: |  1  2  3  4 |
---------------+-------------+-----
Shields        | 4 |  4.0
Short Blades   | 1 |  1.0
Fighting       | |  3.6
Maces & Flails | |  2.6
Armour         | |  3.8
Dodging        | |  0.2
Stealth        | |  0.2

Action                   |  1- 3 |  4- 6 || total
-------------------------+-------+-------++-------
Melee: Flail             |    51 |       ||    51
       Short sword       |    38 |    37 ||    75
Armor: Scale mail        |    46 |    11 ||    57
Dodge: Dodged            |    60 |    15 ||    75
Block: Buckler           |    32 |     7 ||    39
